 Dungeon Crawl Stone Soup version 0.27-a0-562-g0d39f094a4 (webtiles) character file.

Game seed: 11167641291512698329

188 jestyr24 the Covered (level 5, -3/46 HPs)
             Began as a Minotaur Fighter on Mar 8, 2021.
             Slain by a killer bee (7 damage)
             ... on level 4 of the Dungeon.
             The game lasted 00:08:01 (2640 turns).

jestyr24 the Covered (Minotaur Fighter)             Turns: 2640, Time: 00:08:01

Health: -3/46      AC:  9    Str: 21    XL:     5   Next: 39%
Magic:  4/4        EV:  6    Int:  5    God:
Gold:   88         SH:  9    Dex: 10    Spells: 4/4 levels left

rFire    . . .     SeeInvis .   a - +0 war axe
rCold    . . .     Faith    .   c - +0 kite shield
rNeg     . . .     Spirit   .   k - +0 chain mail
rPois    .         Reflect  .   (helmet restricted)
rElec    .         Harm     .   (no cloak)
rCorr    .         Rampage  .   (no gloves)
Will     .....                  (no boots)
Stlth    ..........             (no amulet)
HPRegen  0.15/turn              (no ring)
MPRegen  0.09/turn              (no ring)

@: lethally poisoned (-3 -> -7)
A: horns 2, retaliatory headbutt
a: no special abilities


You were on level 4 of the Dungeon.
You visited 1 branch of the dungeon, and saw 4 of its levels.

You collected 88 gold pieces.

Inventory:

Hand Weapons
 a - a +0 war axe (weapon)
Missiles
 j - 25 poisoned darts (quivered)
Armour
 b - a +0 scale mail
 c - a +0 kite shield (worn)
 k - a +0 chain mail (worn)
Jewellery
 e - a ring of resist corrosion
Scrolls
 f - 2 scrolls of teleportation {unknown}
 g - 3 scrolls of enchant armour {unknown}
 h - 8 scrolls of identify {unknown}
 i - a scroll of enchant weapon {unknown}
 n - a scroll of immolation {unknown}
Potions
 d - 2 potions of might
 l - 2 potions of curing {unknown}
 m - a potion of heal wounds {unknown}


   Skills:
 + Level 4.2 Fighting
 + Level 4.3 Axes
 + Level 5.0 Armour
 + Level 0.3 Dodging
 + Level 4.8 Shields


You had 4 spell levels left.
You didn't know any spells.
Your spell library was empty.

Dungeon Overview and Level Annotations

Branches:
Dungeon (4/15)
 Temple: D:4-7

Altars:


Innate Abilities, Weirdness & Mutations

You have a pair of horns on your head.
You reflexively headbutt those who attack you in melee.


Message History

The killer bee buzzes angrily.
The adder hisses angrily.
The killer bee barely misses you. You block the killer bee's attack.
You miss the killer bee.
You hit the killer bee but do no damage.
The killer bee stings you. x2; The killer bee barely misses you.
You furiously retaliate!
You headbutt the killer bee, but do no damage.
The killer bee stings you but does no damage.
You block the killer bee's attack. x2; The killer bee stings you.
You block the killer bee's attack. x2
The killer bee barely misses you. You block the killer bee's attack.
The killer bee stings you.
You are poisoned.
The killer bee poisons you!
You miss the killer bee. Your headbutt misses the killer bee.
You feel sick. The killer bee stings you.
The killer bee stings you but does no damage. x2
You miss the killer bee.
You feel sick. You block the killer bee's attack.
You barely miss the killer bee. You hit the killer bee.
The killer bee stings you. You block the killer bee's attack.
The killer bee stings you but does no damage.
The killer bee stings you.
You are more poisoned.
The killer bee poisons you! The killer bee stings you!
* * * LOW HITPOINT WARNING * * *
The killer bee stings you.
* * * LOW HITPOINT WARNING * * *
You feel sick.
The killer bee stings you but does no damage.
You block the killer bee's attack.
Found 2 scrolls labelled XYVESS CU LUO.
You feel sick. The killer bee stings you.
* * * LOW HITPOINT WARNING * * *
* * * LOW HITPOINT WARNING * * *
You feel sick. The killer bee barely misses you.
The killer bee barely misses you.
* * * LOW HITPOINT WARNING * * *
You feel sick. The killer bee stings you!
You die...

...?.#..........<.......
.........?..............
.......##...............
.......##y###...........
....##.#..# #...........
##.....#.## #.#####.....
# #.....####.# .####
##.##.S.##.# ## #.
#.#yy@.# #.###..# ..?
...... ..#####.##..# ###
.# ... .# ## .# .#


You could see 2 killer bees and an adder.

Vanquished Creatures
  A bullfrog skeleton (D:2)
  An orc priest (D:3)
  An orc wizard (D:3)
  4 adders
  An ooze (D:3)
  A worm (D:3)
  3 dart slugs
  2 leopard geckos
  8 orcs (D:3)
  3 giant cockroaches
  6 goblins
  3 hobgoblins
  A quokka (D:2)
  A bat (D:2)
  4 frilled lizards
  5 kobolds
  A leopard gecko skeleton (D:3)
  6 rats
52 creatures vanquished.

Notes
Turn   | Place    | Note
-------+----------+-------------------------------------------
     0 | D:1      | jestyr24 the Minotaur Fighter began the quest for the Orb.
     0 | D:1      | Reached XP level 1. HP: 19/19 MP: 0/0
     1 | D:1      | Noticed an electric eel
   589 | D:2      | Reached XP level 2. HP: 27/27 MP: 1/1
   853 | D:2      | Reached skill level 4 in Armour
  1179 | D:2      | Reached XP level 3. HP: 33/33 MP: 2/2
  1737 | D:3      | Reached XP level 4. HP: 40/40 MP: 3/3
  2028 | D:3      | Reached XP level 5. HP: 25/46 MP: 4/4
  2403 | D:3      | Reached skill level 5 in Armour
  2640 | D:4      | Slain by a killer bee

Illustrated notes

Levels and vault maps discovered:
D:1:      arrival_aquarium_a, layout_basic, corexii_item_surrounded_by_moat
D:2:      layout_basic
D:3:      layout_loops_ring, minmay_diced_spiral
D:4:      layout_rooms

Skill      XL: |  1  2  3  4  5 |
---------------+----------------+-----
Armour         | 4 5 |  5.0
Fighting       | 4 |  4.2
Axes           | 3 4 |  4.3
Shields        | 4 |  4.8
Dodging        | |  0.3

Action                   |  1- 3 |  4- 6 || total
-------------------------+-------+-------++-------
Melee: War axe           |    72 |    79 ||   151
       Headbutt          |    12 |    15 ||    27
Armor: Scale mail        |    12 |       ||    12
       Chain mail        |    23 |    42 ||    65
Dodge: Dodged            |    15 |    16 ||    31
Block: Kite shield       |    36 |    36 ||    72

Table legend: (Time is in decaauts)
 A = Elapsed time spent in this place.
 B = Non-inter-level travel time spent in this place.
 C = Inter-level travel time spent in this place.
 D = Time resting spent in this place.
 E = Time spent auto-exploring this place.
 F = Levels seen in this place.
 G = Mean time per level.
                   A        B        C        D        E       F      G
               +--------+--------+--------+--------+--------+-----+--------+
         Total |   2722 |   2644 |     78 |    146 |   1806 |   4 |  680.5 |
       Dungeon |   2722 |   2644 |     78 |    146 |   1806 |   4 |  680.5 |
               +--------+--------+--------+--------+--------+-----+--------+

Top non-repeatable levels by time:
     D:2: 1168 daAuts
     D:3: 1007 daAuts
     D:1: 521 daAuts
     D:4: 25 daAuts
